 Dungeon Crawl Stone Soup version 0.31-a0-472-g43a2ca8e1b (webtiles) character file.

Game seed: 14141995632108145573

51 Ethylacetat the Changeling (level 3, 0/24 HPs)
             Began as an Octopode Shapeshifter on Aug 6, 2023.
             Slain by an orc
             ... wielding a +0 trident of venom
              (9 damage)
             ... on level 2 of the Dungeon.
             The game lasted 00:01:07 (727 turns).

Ethylacetat the Changeling (Octopode Shapeshifter)   Turns: 727, Time: 00:01:08

Health: 0/24       AC:  1    Str: 14    XL:     3   Next: 83%
Magic:  3/3        EV: 13    Int: 10    God:
Gold:   13         SH:  0    Dex: 14    Spells: 2/2 levels left

rFire   . .          .
                       - Unarmed
rCold   . . .        (no shield)
rNeg    . . .        (helmet currently unavailable)
rPois   .            (no amulet)
rElec   .            (no ring)
rCorr   .            (no ring)
SInv    .            (no ring)
Will    .....        (no ring)
Stlth   ++           (no ring)
HPRegen 0.24/turn    (no ring)
MPRegen 0.08/turn    (no ring)
                     (no ring)

%: no passive effects
@: confused, beast-form
A: beast (slay +2), almost no armour, amphibious, 8 rings, camouflage 1,
gelatinous body 1, (nimble swimmer 1), tentacles
a: Begin Untransformation


You were on level 2 of the Dungeon.
You were a hulking beast.
You visited 1 branch of the dungeon, and saw 2 of its levels.

You collected 13 gold pieces.

Inventory:

Jewellery
 c - an amulet of guardian spirit
 d - an amulet of faith
Talismans
 b - a beast talisman (active)
Scrolls
 e - 2 scrolls of fear {unknown}
 f - 2 scrolls of teleportation {unknown}
 g - a scroll of immolation {unknown}
Potions
 a - a potion of lignification


   Skills:
 + Level 1.9 Fighting
 - Level 2.0 Dodging
 + Level 3.4 Unarmed Combat
 * Level 3.6 Shapeshifting


You had 2 spell levels left.
You didn't know any spells.
Your spell library was empty.

Dungeon Overview and Level Annotations

Branches:
Dungeon (2/15)

Altars:
Ru


Innate Abilities, Weirdness & Mutations

You are a hulking beast.
Your limbs bulge with bestial killing power. (Slay +2)
You cannot wear most types of armour.
You are amphibious.
You can wear up to eight rings at the same time.
Your skin changes colour to match your surroundings (Stealth+).
Your rubbery body absorbs attacks. (AC +1, EV +1)
((You are camouflaged when in or above water. (Stealth+)))
You have tentacles for arms and can constrict up to eight enemies at once.


Message History

The orc wizard gestures at you while chanting.
You are confused.
The orc priest shouts!
You are too confused!
You are too confused!
You tentacle-slap the orc wizard.
You kill the orc wizard!
The orc wizard points at you and mumbles some strange words.
You are more confused.
An orc comes into view. It is wielding a +0 trident of venom.
The orc shouts!
The orc wizard barely misses you.
Things that are here:
a +0 dagger; a +0 robe You're too confused to move!
The orc wizard casts a spell at you.
You are more confused.
You bludgeon the orc wizard!
The orc wizard is heavily wounded.
The orc wizard points at you and mumbles some strange words.
The magic dart hits you! The orc barely misses you.
You bump into the rock wall.
The orc priest looks braver for a moment.
The orc wizard hits you with a +0 dagger.
The orc closely misses you.
You barely miss the orc wizard.
The orc wizard is heavily wounded.
You miss the orc wizard. Your squeeze misses the orc wizard.
The orc wizard is heavily wounded.
The orc wizard misses you. The orc barely misses you.
You bump into the rock wall.
The orc wizard closely misses you. The orc misses you.
You bump into the rock wall.
The orc closely misses you. The orc wizard closely misses you.
You're too confused to move!
The orc wizard hits you with a +0 dagger.
The orc misses you.
You bump into the rock wall.
The orc hits you from afar with a +0 trident of venom!
You die...

....................
.#.............####
#.#####.#####.......
#.......# ###†.####
#.#####.####.....#
#........%..### #
#..######......
#####.####..######......
.....ooh...............#
#####o#####++##........#
.. ####...#.# ##
#....#.# #.......
#....#.# #.##.#.# #. #.#
#.##.#.# ##. ###..####.
#......#


You could see an orc wizard and 2 orcs.

Vanquished Creatures
  An orc wizard (D:2)
  A worm (D:2)
  A dart slug (D:1)
  An orc (D:2)
  4 ball pythons
  A bat (D:2)
  An endoplasm (D:1)
  2 goblins (D:1)
  2 hobgoblins (D:1)
  A frilled lizard (D:1)
  2 kobolds (D:1)
  5 rats
22 creatures vanquished.

Notes
Turn   | Place    | Note
-------+----------+-------------------------------------------
     0 | D:1      | Ethylacetat the Octopode Shapeshifter began the quest for
                  | the Orb.
     0 | D:1      | Reached XP level 1. HP: 13/13 MP: 1/1
   109 | D:1      | Reached XP level 2. HP: 18/18 MP: 2/2
   133 | D:1      | Found a faded altar of an unknown god.
   279 | D:1      | Prayed at the altar of an unknown god.
   279 | D:1      | Became a worshipper of Ru the Awakened
   280 | D:1      | Fell from the grace of Ru
   688 | D:2      | Reached XP level 3. HP: 23/23 MP: 3/3
   727 | D:2      | Slain by an orc

Illustrated notes

Levels and vault maps discovered:
D:1:      giann_horns, layout_rooms, ebering_ecumenical_altar_hall,
          kennysheep_boxes
D:2:      layout_basic, kennysheep_generic_room_3

Action                     || total
---------------------------++-------
  Melee: Unarmed           ||    40
         Tentacles         ||     8
         Constrict         ||     7
         Punch             ||     1
 Invoke: Renounce Religion ||     1
   Stab: Sleeping          ||     3
 Armour: Skin              ||     2
  Dodge: Dodged            ||    27

Table legend: (Time is in decaauts)
 A = Elapsed time spent in this place.
 B = Non-inter-level travel time spent in this place.
 C = Inter-level travel time spent in this place.
 D = Time resting spent in this place.
 E = Time spent auto-exploring this place.
 F = Levels seen in this place.
 G = Mean time per level.
                   A        B        C        D        E       F      G
               +--------+--------+--------+--------+--------+-----+--------+
         Total |    724 |    673 |     51 |      0 |    509 |   2 |  362.0 |
       Dungeon |    724 |    673 |     51 |      0 |    509 |   2 |  362.0 |
               +--------+--------+--------+--------+--------+-----+--------+

Top non-repeatable levels by time:
     D:1: 597 daAuts
     D:2: 126 daAuts
